 Dungeon Crawl Stone Soup version 0.17-a0-1769-g54adf96 (webtiles) character file.

242 TruthSerum the Cudgeler (level 6, -1/67 HPs)
             Began as an Ogre Berserker on Sept 7, 2015.
             Was a Believer of Trog.
             Slain by an orc wizard
             ... wielding a +0 dagger
              (4 damage)
             ... on level 3 of the Dungeon.
             The game lasted 00:13:51 (2145 turns).

TruthSerum the Cudgeler (Ogre Berserker)            Turns: 2145, Time: 00:13:51

Health: -1/67      AC:  6    Str: 23    XL:     6   Next: 9%
Magic:  6/6        EV: 12    Int: 11    God:    Trog [**....]
Gold:   199        SH:  0    Dex:  9    Spells: 0 memorised, 5 levels left

rFire  . . .     SeeInvis .     n - +0 flail
rCold  . . .     Rnd*Rage +     j - +1 robe
rNeg   . . .     SustAt   .     (no shield)
rPois  .         Gourm    .     (helmet restricted)
rElec  .         Spirit   .     e - +0 cloak
rCorr  .         Warding  .     (gloves unavailable)
rMut   .         Stasis   .     (boots unavailable)
MR     .....                    k - amulet of regeneration
Stlth  +.........               (no ring)
                                a - +3 ring of intelligence

@: lethally poisoned (-1 -> -1), exhausted, slowed, very slow, not resistant to
hostile enchantments, very unstealthy
A: unfitting armour, repulsion field 1, rugged brown scales 1, berserk 1, tough
skin 1
a: Burn Spellbooks, Berserk, Trog's Hand, Renounce Religion


You were on level 3 of the Dungeon.
You worshipped Trog.
Trog was pleased with you.
You were near starving.

You visited 1 branch of the dungeon, and saw 4 of its levels.

You collected 199 gold pieces.

Inventory:

Hand weapons
 n - a +0 flail (weapon)
Armour
 e - a +0 cloak (worn)
 j - a +1 robe (worn)
Jewellery
 a - a +3 ring of intelligence (left hand)
 k - an amulet of regeneration (around neck)
Scrolls
 b - 2 scrolls of enchant armour
 d - 2 scrolls of recharging
 l - 2 scrolls of teleportation
Potions
 o - a potion of degeneration {unknown}
 r - a potion of curing {unknown}
Comestibles
 c - 5 bread rations
 g - 3 meat rations
 h - a slice of pizza
 q - 2 fruits


   Skills:
 + Level 5.2 Fighting
 * Level 6.2 Maces & Flails
 + Level 1.9 Throwing
 + Level 1.8 Armour
 - Level 3.1 Dodging


You had 5 spell levels left.
You didn't know any spells.

Dungeon Overview and Level Annotations

Branches:
Dungeon (4/15)
 Temple: D:4-7

Altars:
Elyvilon
Gozag
Kikubaaqudgha
Makhleb
Okawaru
Zin
The Shining One


Innate Abilities, Weirdness & Mutations

You are too large for most types of armour.
You have tough skin (AC +1).
You are surrounded by a mild repulsion field (EV +2).
You are partially covered in rugged brown scales (AC +1, +3% HP).
You tend to lose your temper in combat.


Message History

Something hits you but does no damage. The hound bites you but does no damage.
You climb upwards.
You feel sick.
There is a stone staircase leading down here.
You hit the orc but do no damage.
You feel sick. The hound bites you.
* * * LOW HITPOINT WARNING * * *
The hound barely misses you.
You miss something.
You feel sick. The hound bites you but does no damage. Something hits you.
* * * LOW HITPOINT WARNING * * *
The hound bites you but does no damage. Something hits you but does no damage.
You miss something.
You feel sick. The hound bites you but does no damage.
The hound barely misses you. Something hits you.
* * * LOW HITPOINT WARNING * * *
The hound barely misses you.
You barely miss something. The hound bites you but does no damage.
Something hits you but does no damage. The hound misses you.
Something hits you but does no damage.
You miss something.
You feel sick. The hound bites you but does no damage.
The hound closely misses you. Something hits you.
You die...

##.# #.#.# #..### #######.#.#
#..#_# #.....#.#.#
#..'.###.###.#.#.#
#..'._##...#.#.#.#
##.'.#####.#.#.#.#
#.#_##......#.#.#
##########.###.#.#
#@{o..............
#h########.#####.# #.# #........
################.##############.#
<.............................#.#
############.....................
#......###########.#.# #......#
#.#.# #......# #.#..


You could see a hound and an orc.

Vanquished Creatures
  Sigmund (D:4)
  2 adders
  2 oozes
  3 worms
  A giant gecko (D:1)
  4 giant cockroaches
  7 goblins
  3 hobgoblins
  6 kobolds
  A quokka (D:3)
  6 bats
  6 jackals
  10 rats
52 creatures vanquished.

Notes
Turn   | Place    | Note
--------------------------------------------------------------
     0 | D:1      | TruthSerum the Ogre Berserker began the quest for the Orb.
     0 | D:1      | Reached XP level 1. HP: 24/24 MP: 1/1
   144 | D:1      | Reached XP level 2. HP: 26/32 MP: 2/2
   460 | D:1      | Reached XP level 3. HP: 32/40 MP: 3/3
   503 | D:1      | Acquired Trog's second power
   951 | D:2      | Found an iron altar of Okawaru.
   951 | D:2      | Found an opulent altar of Gozag.
  1111 | D:2      | Found a burning altar of Makhleb.
  1298 | D:2      | Reached skill level 5 in Maces & Flails
  1389 | D:3      | Reached skill level 1 in Armour
  1418 | D:3      | Reached XP level 4. HP: 49/49 MP: 4/4
  1530 | D:3      | Found an ancient bone altar of Kikubaaqudgha.
  1976 | D:3      | Found a glowing silver altar of Zin.
  1976 | D:3      | Found a white marble altar of Elyvilon.
  1977 | D:3      | Found a glowing golden altar of the Shining One.
  2122 | D:4      | Noticed Sigmund
  2133 | D:4      | Killed Sigmund
  2133 | D:4      | Reached skill level 5 in Fighting
  2133 | D:4      | Reached skill level 6 in Maces & Flails
  2133 | D:4      | Reached skill level 1 in Throwing
  2133 | D:4      | Reached XP level 5. HP: 53/57 MP: 5/5
  2133 | D:4      | Reached XP level 6. HP: 61/66 MP: 6/6
  2135 | D:4      | Gained mutation: You tend to lose your temper in combat. [potion of mutation]
  2135 | D:4      | Gained mutation: You are partially covered in rugged brown scales (AC +1, +3% HP). [potion of mutation]
  2135 | D:4      | Gained mutation: You are surrounded by a mild repulsion field (EV +2). [potion of mutation]
  2143 | D:3      | HP: 2/67 [something (4)]
  2145 | D:3      | Slain by an orc wizard

Vault maps used:
D:1:      sevenhm_arrival_forest_fort_large_2, hangedman_abyss_or_decor_stabs,
          due_unseen_surprise
D:2:      gammafunk_temple_overflow_statue, lemuel_crystal_altar, first_bread
D:3:      good_gods_mini_temple, lemuel_crystal_altar, serial_glass,
          glass_columns_b, glass_columns_a
D:4:      portal_sewer_entry_b, uniq_natasha, uniq_duvessa, uniq_sigmund

Action                   |  1- 3 |  4- 6 || total
-------------------------+-------+-------++-------
Melee: Mace              |   106 |       ||   106
       Flail             |    26 |    43 ||    69
Invok: Berserk           |       |     1 ||     1
  Use: Scroll            |     5 |     5 ||    10
       Potion            |       |     2 ||     2
 Stab: Sleeping          |     1 |       ||     1
  Eat: Chunk             |     2 |     2 ||     4
